Map: Jagannatha LE

Players

Strange - Winner!

  • Race: Protoss Protoss

PtitDrogo

  • Race: Protoss Protoss

Event: DreamHack SC2 Masters 2021 Winter

VOD

Have the link to the VOD?

Description

Time

  • Played on: Oct. 2, 2021, 2:42 p.m.
  • Length: 9:13

All games in this series

Show
View Real Time Build Order
Export as new Build Order

Strange Protoss - Winner!

Build Orders: Phoenix Opening, Zealot Archon 

Get SALT Encoding   

  12  0:00  Probe  
  13  0:12  Probe  
  14  0:17  Pylon  
  14  0:24  Probe (Chrono Boost)  
  16  0:37  Probe (Chrono Boost)  
  16  0:38  Gateway  
  16  0:42  Probe (Chrono Boost)  
  16  0:46  Assimilator  
  17  0:52  Probe (Chrono Boost)  
  17  0:55  Assimilator  
  18  1:04  Probe (Chrono Boost)  
  18  1:08  Gateway  
  19  1:13  Probe (Chrono Boost)  
  20  1:18  Probe  
  21  1:25  Cybernetics Core  
  21  1:30  Probe  
  22  1:34  Pylon  
  22  1:43  Probe  
  23  1:55  Probe  
  24  2:01  Stalker  
  24  2:02  Warp Gate, Sentry  
  24  2:07  Probe  
  29  2:09  Pylon  
  29  2:17  Shield Battery  
  29  2:21  Probe  
  30  2:27  Pylon  
  30  2:31  Sentry  
  34  2:38  Phoenix  
  34  2:46  Sentry  
  34  2:49  Nexus  
  34  2:54  Probe (Chrono Boost)  
  35  3:04  Probe (Chrono Boost)  
  36  3:05  Pylon  
  36  3:09  Probe (Chrono Boost)  
  37  3:16  Shield Battery  
  37  3:20  Probe  
  37  3:22  Twilight Council  
  38  3:33  Probe  
  39  3:38  Robotics Facility  
  39  3:45  Probe  
  40  3:50  Adept x2  
  40  3:52  Pylon  
  44  4:00  Probe (Chrono Boost)  
  44  4:01  Probe (Chrono Boost)  
  48  4:10  Probe (Chrono Boost)  
  48  4:12  Probe (Chrono Boost), Dark Shrine  
  48  4:15  Probe (Chrono Boost)  
  49  4:21  Probe  
  50  4:26  Pylon  
  50  4:27  Probe  
  50  4:28  Shield Battery  
  50  4:30  Adept  
  52  4:34  Adept  
  50  4:39  Probe (Chrono Boost)  
  49  4:50  Assimilator  
  49  4:51  Assimilator, Probe (Chrono Boost)  
  49  4:52  Probe (Chrono Boost)  
  51  4:57  Probe (Chrono Boost)  
  52  5:05  Probe  
  49  5:08  Observer  
  51  5:14  Probe (Chrono Boost)  
  51  5:17  Probe (Chrono Boost)  
  51  5:19  Immortal  
  51  5:20  Gateway  
  52  5:23  Dark Templar x2  
  58  5:28  Probe x2 (Chrono Boost)  
  64  5:36  Probe (Chrono Boost)  
  64  5:37  Probe (Chrono Boost)  
  64  5:44  Probe (Chrono Boost)  
  64  5:47  Probe  
  66  5:50  Gateway, Blink  
  66  5:56  Stalker  
  66  5:58  Dark Templar  
  64  6:06  Probe (Chrono Boost)  
  64  6:07  Probe (Chrono Boost)  
  62  6:18  Probe (Chrono Boost)  
  63  6:19  Immortal (Chrono Boost)  
  65  6:26  Probe (Chrono Boost)  
  67  6:34  Sentry  
  67  6:35  Stalker x2, Probe  
  67  6:37  Gateway  
  67  6:38  Pylon  
  73  6:51  Immortal (Chrono Boost)  
  77  7:00  Stalker x2  
  81  7:01  Archon  
  81  7:03  Stalker  
  83  7:12  Pylon  
  83  7:13  Stalker  
  85  7:17  Gateway  
  85  7:28  Warp Prism (Chrono Boost)  
  85  7:29  Pylon  
  85  7:30  Colossus (Chrono Boost)  
  85  7:32  Sentry x3  
  93  7:37  Pylon  
  93  7:45  Pylon  
  93  7:58  Observer (Chrono Boost)  
  94  8:11  Pylon  
  94  8:15  Stalker x5  
  94  8:16  Stalker  
  106  8:29  Observer  
  98  8:39  Adept x2, Stalker  
  98  8:40  Stalker x2  
  90  9:01  Stalker x3  
Show
View Real Time Build Order
Export as new Build Order

PtitDrogo Protoss 

Build Orders: Phoenix Opening, Blink Stalkers 

Get SALT Encoding   

  12  0:00  Probe  
  13  0:12  Probe  
  14  0:18  Pylon  
  14  0:24  Probe (Chrono Boost)  
  15  0:36  Probe (Chrono Boost)  
  15  0:37  Gateway  
  16  0:45  Probe (Chrono Boost)  
  16  0:46  Assimilator  
  17  0:51  Probe  
  18  0:57  Assimilator  
  18  1:03  Probe (Chrono Boost)  
  19  1:09  Gateway  
  19  1:12  Probe (Chrono Boost)  
  19  1:18  Probe  
  20  1:25  Cybernetics Core  
  21  1:30  Probe  
  22  1:37  Pylon  
  22  1:42  Probe  
  23  2:00  Probe  
  24  2:02  Stalker  
  24  2:03  Warp Gate, Sentry  
  28  2:17  Pylon  
  30  2:30  Probe (Chrono Boost)  
  31  2:38  Phoenix  
  31  2:39  Probe (Chrono Boost)  
  33  2:44  Probe (Chrono Boost)  
  33  2:46  Nexus  
  33  2:51  Twilight Council  
  30  2:56  Probe  
  33  2:58  Sentry  
  33  3:01  Sentry  
  35  3:08  Probe  
  35  3:11  Pylon  
  36  3:20  Probe (Chrono Boost)  
  37  3:28  Blink  
  37  3:31  Probe (Chrono Boost)  
  38  3:36  Probe (Chrono Boost)  
  38  3:38  Forge  
  39  3:47  Probe  
  40  3:50  Adept x2  
  44  3:58  Probe (Chrono Boost)  
  46  4:04  Probe (Chrono Boost)  
  46  4:08  Probe (Chrono Boost)  
  47  4:11  Protoss Ground Weapons Level 1  
  47  4:12  Probe (Chrono Boost)  
  47  4:13  Probe (Chrono Boost)  
  47  4:16  Stalker  
  51  4:17  Stalker  
  51  4:23  Probe  
  54  4:26  Probe  
  51  4:40  Probe (Chrono Boost)  
  51  4:41  Stalker x2  
  49  4:52  Probe (Chrono Boost)  
  51  4:53  Probe (Chrono Boost)  
  51  4:59  Pylon  
  51  5:04  Probe (Chrono Boost)  
  51  5:07  Probe (Chrono Boost)  
  51  5:10  Robotics Facility  
  52  5:15  Probe (Chrono Boost)  
  52  5:19  Probe (Chrono Boost)  
  53  5:24  Stalker, Probe (Chrono Boost)  
  53  5:27  Probe (Chrono Boost)  
  57  5:29  Stalker, Shield Battery  
  57  5:33  Probe (Chrono Boost)  
  57  5:35  Probe (Chrono Boost)  
  61  5:36  Pylon  
  61  5:40  Assimilator  
  61  5:44  Charge  
  61  5:45  Probe  
  61  5:48  Probe  
  63  6:00  Observer (Chrono Boost)  
  50  6:21  Probe (Chrono Boost)  
  50  6:22  Warp Prism (Chrono Boost)  
  50  6:23  Probe (Chrono Boost)  
  53  6:31  Protoss Ground Weapons Level 2 (Chrono Boost)  
  53  6:34  Pylon  
  53  6:37  Probe (Chrono Boost)  
  53  6:39  Probe (Chrono Boost)  
  55  6:42  Probe (Chrono Boost)  
  55  6:47  Probe  
  57  6:54  Probe  
  58  6:55  Shield Battery  
  58  6:59  Probe, Dark Shrine  
  59  7:04  Gateway  
  59  7:06  Gateway  
  59  7:11  Probe  
  59  7:12  Probe  
  61  7:18  Stalker x2  
  61  7:22  Assimilator  
  65  7:30  Gateway  
  65  7:31  Gateway  
  65  7:42  Zealot x2  
  69  7:47  Pylon  
  69  7:56  Shield Battery  
  73  7:58  Immortal  
  73  8:00  Pylon  
  73  8:11  Dark Templar x2  
  77  8:20  Gateway x2, Shield Battery  
  77  8:25  Dark Templar  
  77  8:26  Dark Templar  
  81  8:32  Archon  
  81  8:33  Zealot x2  
  68  8:43  Zealot  
  61  8:49  Stalker  
  61  8:54  Stalker x2  

Tags
 
Add a new tag
Caveats
  • Supply blocks, unpowered buildings, or Contaminate may cause inaccurate times.
  • Supply counts are checked every 10 seconds.